[Event "*** SCC Grand Prix: Titled Tuesday Blitz"]
[Site "Chess.com"]
[Date "2020.09.08"]
[Round "4"]
[White "GukeshDommaraju"]
[Black "Jospem"]
[Result "1-0"]
[WhiteElo "2768"]
[BlackElo "2924"]
[TimeControl "180+1"]
[EndTime "10:40:56 PDT"]
[Termination "GukeshDommaraju won on time"]

1. e4 e5 2. Nf3 Nc6 3. Bb5 a6 4. Ba4 Nf6 5. O-O Nxe4 6. d4 Be7 7. Re1 b5 8. Rxe4 d5 9. Nxe5 Nxe5 10. Rxe5 bxa4 11. Qe2 c6 12. Bd2 f6 13. Re3 Kf7 14.
Nc3 a3 15. b3 Bf5 16. Re1 Bd6 17. Qf3 Qd7 18. Nxd5 cxd5 19. Qxd5+ Kg6 20. c4 Bf4 21. Qf3 Bxe3 22. Bxe3 Rae8 23. d5 h5 24. Qg3+ Kh7 25.
h3 Re4 26. Rd1 Re5 27. Qf3 Be4 28. Qf4 Rhe8 29. Bd4 Rg5 30. f3 Bc2 31. Rd2 Bg6 32.
Kh2 Re1 33. Bf2 Rf1 34. Be3 Re5 35. Bd4 Ree1 36. Be3 Rh1+ 37. Kg3 Qe7 38. Bf2 Ref1 39. d6 Qd7 40. c5 Be8 41. Qe4+ Kh8 42. Re2 Bf7 43.
Qf4 Kg8 44. Re7 Qd8 45. c6 Rc1 46. c7 Qf8 47. d7 Rxc7 48. Qxc7 h4+ 49. Kxh4 g5+ 50.
Kg3 Qh6 51. d8=Q+ Kh7 52. Rxf7+ Kg6 53. Qxf6+ Kh5 54. Qxh6+ 1-0

[Event "*** SCC Grand Prix: Titled Tuesday Blitz"]
[Site "Chess.com"]
[Date "2020.09.08"]
[Round "4"]
[White "gui_borba"]
[Black "Goryachkina"]
[Result "1-0"]
[WhiteElo "2405"]
[BlackElo "2592"]
[TimeControl "180+1"]
[EndTime "10:40:56 PDT"]
[Termination "gui_borba won by resignation"]

1. e4 e6 2. d4 d5 3. Nd2 Nf6 4. e5 Nfd7 5. c3 c5 6. Bd3 Nc6 7. Ne2 cxd4 8. cxd4 f6 9. Nf4 Nxd4 10. Qh5+ Ke7 11.
exf6+ Nxf6 12. Ng6+ hxg6 13. Qxh8 Kf7 14. Qh4 e5 15. Nf3 Nxf3+ 16. gxf3 Bf5 17. Bxf5 gxf5 18. Bg5 Qa5+ 19. Kf1 Rc8 20. Kg2 Rc4 21. Qh3 g6 22. Rac1 Nh5 23. Rhd1 Qb5 24. Rxc4 dxc4 25. Qh4 Qc6 26.
Rc1 b5 27. b3 c3 28. b4 e4 29. fxe4 Bxb4 30. f3 Qc4 31. Qf2 Bc5 32. Qc2 b4 33. exf5 Nf4+ 34. Bxf4 Qxf4 35. fxg6+ Kg7 36. Rd1 Bd6 37. Rh1 a5 38. Qe2 Kxg6 39. h4 Qd2 40.
Qxd2 cxd2 41. Rd1 Bf4 42. Kh3 a4 43. Rb1 b3 44. axb3 axb3 45. Kg4 Be3 46. f4 b2 47. Kf3 Bd4 48. Ke2 Bc3 49. Kd3 Ba5 50.
Kc2 Kf5 51. Kxb2 Kxf4 52. Kc2 Kg4 53. Rh1 Bd8 54. h5 Bf6 55. h6 Kg5 56. h7 Bh8 57.
Kxd2 Kg6 58. Kd3 Kf7 59. Ke4 1-0

[Event "*** SCC Grand Prix: Titled Tuesday Blitz"]
[Site "Chess.com"]
[Date "2020.09.08"]
[Round "4"]
[White "skoularikii"]
[Black "Konek-Gorbunok"]
[Result "1/2-1/2"]
[WhiteElo "2482"]
[BlackElo "2324"]
[TimeControl "180+1"]
[EndTime "10:40:57 PDT"]
[Termination "Game drawn by repetition"]

1. e4 c5 2. Nf3 a6 3. d4 cxd4 4. Nxd4 Nf6 5. Nc3 e5 6. Nf3 Bb4 7. Nxe5 Qe7 8. Qd4 Bc5 9. Qc4 Qxe5 10. b4 Bxf2+ 11. Kxf2 Qxc3 12. Qxc3 Nxe4+ 13. Kf3 Nxc3 14. Bb2 Nd5 15. Bxg7 Rg8 16. Be5 d6 17. Bxd6 Be6 18. c4 Nf6 19. h3 Nbd7 20. Bd3 O-O-O 21. Rhd1 Rg5 22. Rac1 Ne5+ 23. Bxe5 Rxe5 24. g4 Kc7 25. Kf4 Rxd3 26. Rxd3 Re4+ 27. Kf3 Rxc4 28. Rxc4+ Bxc4 29. Rc3 b5 30. a3 Nd5 31. Rc1 Kd6 32. Ke4 Nf6+ 33.
Kf5 Nd5 34. Kg5 Ke5 35. Kh6 Bd3 36. Rc6 Kd4 37. Rxa6 Kc3 38. h4 Kb3 39. g5 Nf4 40. Kg7 Bg6 41. Kh6 Nh5 42. Ra5 Kc4 43. a4 bxa4 44. Rxa4 Kb5 45. Ra7 Kxb4 46. Ra8 Nf4 47. Rd8 Kc5 48. Rd7 Nh5 49. Rd8 Kc6 50. Rd4 Kc5 51.
Rd2 Kc6 52. Rd1 Nf4 53. Rd2 Nh5 54. Rd1 Ng3 55. Kg7 Nh5+ 56. Kh6 1/2-1/2

[Event "*** SCC Grand Prix: Titled Tuesday Blitz"]
[Site "Chess.com"]
[Date "2020.09.08"]
[Round "4"]
[White "Arjun2002"]
[Black "sasko1234"]
[Result "1-0"]
[WhiteElo "2725"]
[BlackElo "2413"]
[TimeControl "180+1"]
[EndTime "10:40:58 PDT"]
[Termination "Arjun2002 won by resignation"]

1. e4 d6 2. d4 Nf6 3. Bd3 e5 4. c3 c6 5. Nf3 Qc7 6. O-O Bg4 7. h3 Bh5 8. Nbd2 Nbd7 9. Re1 Be7 10. Nf1 O-O 11. Ng3 Bg6 12. Nh4 Rfe8 13. Nhf5 Bf8 14.
Qf3 exd4 15. cxd4 c5 16. Be3 cxd4 17. Bxd4 Ne5 18. Bxe5 dxe5 19. Rac1 Qb6 20. b3 Rac8 21. Bc4 Qa5 22. a4 a6 23. Nh6+ gxh6 24. Qxf6 Bg7 25. Qf3 b5 26. axb5 axb5 27. Bd5 Rxc1 28. Rxc1 Qd2 29.
Rc7 Qf4 30. Qc3 Rf8 31. Rc8 Rxc8 32. Qxc8+ Bf8 33. Nf5 Bxf5 34. exf5 e4 35. g3 Qe5 36. Qd7 Qe7 37. Qxb5 e3 38. Kf1 exf2 39. Kxf2 Qf6 40.
Qd3 Bc5+ 41. Kf3 Qe5 42. Qe4 Qc3+ 43. Kg4 Kg7 44. Bc4 Bd6 45. Qd3 Qe5 46. h4 Kf6 47.
Qf3 Qa1 48. Qd5 Qa3 49. Qxf7+ Ke5 50. Qe6+ Kd4 51. f6 Kc3 52. f7 Qc5 53. Qf6+ Kc2 54. Qf5+ Qxf5+ 55. Kxf5 Kc3 56. g4 Kd4 57. g5 Kc5 58. g6 Bf8 59. gxh7 1-0

[Event "*** SCC Grand Prix: Titled Tuesday Blitz"]
[Site "Chess.com"]
[Date "2020.09.08"]
[Round "4"]
[White "grunbergmihai"]
[Black "fabianvivasz"]
[Result "0-1"]
[WhiteElo "2445"]
[BlackElo "2308"]
[TimeControl "180+1"]
[EndTime "10:40:59 PDT"]
[Termination "fabianvivasz won by resignation"]

1. e4 e5 2. Nf3 Nc6 3. Bc4 Nf6 4. Nc3 Nxe4 5. Nxe4 d5 6. Bd3 dxe4 7. Bxe4 Bd6 8. d4 Nxd4 9. Nxd4 exd4 10. Qxd4 O-O 11. Be3 Qe7 12. O-O-O Be6 13. Bxb7 Rab8 14. Qxa7 c5 15.
Qa6 Be5 16. Be4 Bxb2+ 17. Kd2 Rb4 18. Bd3 c4 19. a3 cxd3 20. axb4 Qxb4+ 21. Kxd3 Bc4+ 22. Qxc4 Rd8+ 23. Bd4 Rxd4+ 24. Qxd4 Qxd4+ 25. Ke2 Qe4+ 26. Kf1 g6 27. f3 Qxc2 28. Re1 Bd4 29. Re2 Qd1+ 30.
Re1 Qd2 31. Re2 Qd3 32. h4 h5 33. Rh3 Bc5 34. f4 Qd4 35. Ke1 Qxf4 36. Kd1 Qd4+ 37. Ke1 Qf4 38. Kd1 Qg4 39. Ke1 Kg7 40. Kf1 Bd4 41.
Ke1 Bf6 42. Kf1 Bxh4 43. Rf3 Bf6 44. Ref2 Qg5 45. Ke2 Qe5+ 46. Kf1 Qa1+ 47. Ke2 Qa2+ 48. Kf1 Qa6+ 49. Ke1 g5 50. Kd2 Qe6 51. Re2 Qd6+ 52.
Ke1 g4 53. Rf5 Kg6 54. Rff2 Bh4 55. g3 Bxg3 56. Kf1 Bxf2 57. Rxf2 g3 58. Kg2 gxf2 0-1

[Event "*** SCC Grand Prix: Titled Tuesday Blitz"]
[Site "Chess.com"]
[Date "2020.09.08"]
[Round "4"]
[White "lelya96"]
[Black "WPWPWP-2015"]
[Result "0-1"]
[WhiteElo "2153"]
[BlackElo "2442"]
[TimeControl "180+1"]
[EndTime "10:40:59 PDT"]
[Termination "WPWPWP-2015 won by resignation"]

1. e4 c5 2. Nf3 d6 3. d4 cxd4 4.
Nxd4 Nf6 5. Nc3 a6 6. Be2 e5 7. Nb3 Be7 8. O-O O-O 9. f4 Qc7 10. Kh1 b5 11. a3 Bb7 12. Bd3 d5 13. fxe5 Nxe4 14. Qg4 Qc8 15. Qh5 g6 16. Qf3 Nxc3 17. bxc3 Nd7 18. Qe2 Nb6 19. Bh6 Re8 20. Qf2 Qe6 21.
Nd4 Bc5 22. Nxe6 Bxf2 23. Nc7 Bc5 24. Nxa8 Bxa8 25. Rae1 Bc6 26. Rf6 Bd7 27. Ref1 Be6 28. h4 Nd7 29. R6f4 Nxe5 30. h5 Be3 31. hxg6 hxg6 32.
Rh4 Bxh6 33. Rxh6 Kg7 34. Rh4 Ng4 35. Rh3 Rc8 36. Rhf3 Ne5 37. Re3 Ng4 38. Ref3 Rxc3 39.
Kg1 Rxa3 40. Rg3 Ne5 41. Re1 Nc4 42. Bxc4 Rxg3 43. Bd3 Rg4 44. Ra1 Bc8 45. Rb1 Rf4 46.
g3 Rf6 47. Kg2 Re6 48. Rb4 f5 49. Kf3 Kf6 50. Rd4 Re5 51. Rb4 Bb7 52. Rb2 g5 53.
Kf2 d4 54. Rb1 Re3 55. Rg1 Rf3+ 56. Ke2 g4 57. Kd2 Rf2+ 58. Kc1 Rg2 59. Rf1 Bf3 60.
Rh1 Rxc2+ 61. Kxc2 Bxh1 62. Kb3 Be4 63. Kb4 Bxd3 0-1

[Event "*** SCC Grand Prix: Titled Tuesday Blitz"]
[Site "Chess.com"]
[Date "2020.09.08"]
[Round "4"]
[White "LaPorfia"]
[Black "Ranindu2003"]
[Result "1-0"]
[WhiteElo "2279"]
[BlackElo "2559"]
[TimeControl "180+1"]
[EndTime "10:41:01 PDT"]
[Termination "LaPorfia won by checkmate"]

1. d4 Nf6 2. Nf3 e6 3. Bf4 d5 4. Nbd2 c5 5. e3 Nc6 6. c3 cxd4 7. exd4 Nh5 8. Bg5 f6 9. Bh4 Bd6 10. Bg3 O-O 11. Bd3 Nf4 12. Bxf4 Bxf4 13. O-O e5 14. Bc2 Bg4 15. h3 Bh5 16. Bb3 Kh8 17. Qc1 Bxf3 18.
Nxf3 exd4 19. Qxf4 dxc3 20. bxc3 Qa5 21. Rad1 Rad8 22. Nh4 Ne5 23. Nf5 Qxc3 24. Rxd5 Rxd5 25. Bxd5 g6 26. Ne3 Kg7 27. Rb1 b6 28. Qb4 Qc8 29. Qe7+ Kh8 30. Qxa7 Qc3 31. Qxb6 Qd2 32. Qb4 Qxb4 33.
Rxb4 Rd8 34. a4 f5 35. f4 Nd3 36. Rc4 Nb2 37. Rd4 Kg7 38. a5 Rd6 39. Rb4 Nd3 40.
Rb7+ Kh6 41. Rb6 Rd7 42. g3 Re7 43. Nf1 Re1 44. a6 Ra1 45. Bb7 Ne1 46. Re6 Nf3+ 47. Bxf3 Ra3 48. Kf2 Ra2+ 49. Be2 Ra3 50. Ne3 Ra2 51. Re7 Ra3 52. a7 g5 53. fxg5+ Kxg5 54. h4+ Kf6 55. Rxh7 f4 56. Rb7 fxe3+ 57. Kf3 Ke5 58.
g4 Ra4 59. h5 Rf4+ 60. Kxe3 Ra4 61. Kd2 Ra2+ 62. Ke3 Ra3+ 63. Bd3 Ra2 64. h6 Kf6 65. h7 Rh2 66. a8=Q Rh3+ 67. Kd4 Rh2 68. Qf8+ Kg5 69. h8=Q Re2 70. Qhh6+ Kxg4 71. Rg7# 1-0

[Event "*** SCC Grand Prix: Titled Tuesday Blitz"]
[Site "Chess.com"]
[Date "2020.09.08"]
[Round "4"]
[White "jucAxx"]
[Black "VinzentSpitzl"]
[Result "1-0"]
[WhiteElo "2075"]
[BlackElo "2349"]
[TimeControl "180+1"]
[EndTime "10:41:04 PDT"]
[Termination "jucAxx won by resignation"]

1. e4 c6 2. d4 d5 3. f3 e6 4.
Be3 Ne7 5. Ne2 g6 6. Nd2 Bg7 7. Nb3 Nd7 8. Qd2 b6 9. O-O-O a5 10. Bh6 Bxh6 11. Qxh6 a4 12. Nd2 a3 13. b3 Ba6 14.
Qg7 Rg8 15. Qxh7 c5 16. dxc5 Nxc5 17. Nd4 Qc7 18. exd5 O-O-O 19. Bxa6+ Nxa6 20. Qxf7 Qc3 21. Qxe6+ Rd7 22. Ne4 Qb2+ 23. Kd2 Qxd4+ 24. Ke2 Qb4 25. d6 Re8 26. dxe7 Rxe7 27. Qg8+ Kc7 28. Rxd7+ Rxd7 29. Qxg6 Qb5+ 30. c4 Qa5 31. Qg3+ Kb7 32. Qg5 Nc5 33. Nxc5+ bxc5 34. Rd1 Rxd1 35. Kxd1 Qc3 36. Qd5+ Kb6 37. Qd6+ Kb7 38. Qd7+ Kb6 39. Qb5+ Ka7 40. Qxc5+ Kb8 41. Qb5+ Kc8 42. Qc6+ Kb8 43. Qd6+ Kc8 44. Qd2 Qa1+ 45.
Ke2 Qe5+ 46. Kf2 Qc5+ 47. Kf1 Qe5 48. g3 Qa1+ 49. Kg2 Qb2 50. Qf2 Qc3 51. h4 Qe5 52. h5 Kd7 53. g4 Ke7 54. Qa7+ Kf6 55. Qb6+ Kg7 56. Qb7+ Kh6 57. Qe4 Qb2+ 58. Kg3 Qf6 59.
Qg6+ Qxg6 60. hxg6 Kxg6 61. c5 1-0

[Event "*** SCC Grand Prix: Titled Tuesday Blitz"]
[Site "Chess.com"]
[Date "2020.09.08"]
[Round "4"]
[White "Korchmar_Vasiliy"]
[Black "gmpeter008"]
[Result "1-0"]
[WhiteElo "2607"]
[BlackElo "2357"]
[TimeControl "180+1"]
[EndTime "10:41:06 PDT"]
[Termination "Korchmar_Vasiliy won by resignation"]

1. e4 e5 2. Nf3 Nc6 3. Bb5 g6 4. d4 exd4 5. Nxd4 Bg7 6. Be3 Nge7 7.
Nc3 O-O 8. Qd2 d5 9. exd5 Nxd5 10. Nxc6 bxc6 11. Bxc6 Nxe3 12. Qxe3 Rb8 13. Rd1 Qh4 14.
O-O Rxb2 15. Nd5 Rxc2 16. g3 Qc4 17. Qxa7 Bh3 18. Rfe1 Bc3 19. Re4 Qd3 20. Ree1 Bxe1 21.
Rxe1 Re2 22. Rc1 Rc2 23. Re1 Rxc6 24. Ne7+ Kg7 25. Nxc6 Qf3 26. Qd4+ f6 27. Qe4 Re8 28.
Ne7 Qxe4 29. Rxe4 Kf7 30. Rh4 Rxe7 31. Rxh7+ Ke6 32. Rxh3 Kf5 33. Rh4 g5 34. Rc4 Re2 35. Rxc7 Rxa2 36. Rc5+ Kg4 37. Kg2 f5 38. Rc4+ f4 39.
h3+ Kf5 40. g4+ Kf6 41. Rc6+ Ke5 42. Rc5+ Ke4 43. Rxg5 Ra1 44. Rg8 f3+ 45. Kh2 Rf1 46. Re8+ Kf4 47. Rf8+ Ke4 48. Kg3 Rg1+ 49. Kh4 Rg2 50.
Re8+ Kf4 51. Rf8+ Ke4 52. g5 Rxf2 53. g6 Rg2 54. Kh5 f2 55. h4 Ke3 56. Kh6 Rg3 57. g7 Rf3 58. Rxf3+ Kxf3 59. g8=Q 1-0

[Event "*** SCC Grand Prix: Titled Tuesday Blitz"]
[Site "Chess.com"]
[Date "2020.09.08"]
[Round "4"]
[White "ailime26"]
[Black "Resignify"]
[Result "0-1"]
[WhiteElo "1890"]
[BlackElo "2229"]
[TimeControl "180+1"]
[EndTime "10:41:06 PDT"]
[Termination "Resignify won by checkmate"]

1. e4 c5 2. Nf3 Nc6 3. d4 cxd4 4. Nxd4 Nf6 5. Nc3 e5 6. Ndb5 d6 7. Bg5 a6 8. Na3 b5 9. Nd5 Be7 10. Bxf6 Bxf6 11. c4 b4 12. Nc2 Rb8 13. b3 Be6 14. g3 Bxd5 15. Qxd5 Qc7 16. Bg2 O-O 17. O-O a5 18. Rad1 Rfd8 19. f4 Nd4 20. Nxd4 exd4 21. Qf5 Qc5 22. Qg4 Re8 23. Rd3 a4 24. Kh1 g6 25. Qf3 Qc7 26. Qf2 Bg7 27. f5 Be5 28. g4 f6 29. Bf3 g5 30. h4 h6 31. Bd1 Kg7 32. h5 Ra8 33. Qf3 Ra5 34. Rf2 Rea8 35. Kg2 Qc6 36. Re2 axb3 37. Bxb3 Ra3 38. Rdd2 R8a5 39. Qd3 Qa8 40. Rc2 Rc5 41. Kf3 Qa5 42.
Kg2 Qa7 43. Re1 Qe7 44. Ree2 Rc7 45. Kf3 Rca7 46. Rb2 Qc7 47. Rbc2 Qc5 48. Rf2 Bf4 49. Rfe2 Be3 50. Rg2 Qe5 51. Ke2 Qf4 52. Kd1 Qf3+ 53. Rce2 Rc7 54. Kc2 Qf1 55. Qd1 Qf4 56. Kd3 Rc5 57.
Qh1 Qf3 58. Rh2 Qf4 59. Qg2 Qe5 60. Qf3 Rxc4 61. Kxc4 Qc5+ 62. Kd3 Qc3# 0-1

[Event "*** SCC Grand Prix: Titled Tuesday Blitz"]
[Site "Chess.com"]
[Date "2020.09.08"]
[Round "4"]
[White "WIDBIFS"]
[Black "Snowflake"]
[Result "1-0"]
[WhiteElo "2710"]
[BlackElo "2489"]
[TimeControl "180+1"]
[EndTime "10:41:07 PDT"]
[Termination "WIDBIFS won by checkmate"]

1. d4 Nf6 2. Nf3 d5 3. Bf4 e6 4. e3 Bd6 5. Bg3 O-O 6. Nbd2 c5 7. c3 Qc7 8. Bd3 Nbd7 9. Qc2 e5 10. dxe5 Nxe5 11.
Nxe5 Bxe5 12. Bh4 h6 13. Nf3 Re8 14. O-O Ne4 15. Bxe4 dxe4 16. Nxe5 Qxe5 17. Bg3 Qe7 18. h3 Bf5 19. Qa4 Red8 20. Rfd1 a6 21. Qa5 Rd3 22. Rxd3 exd3 23. Rd1 b5 24. Qb6 c4 25. a4 Qd7 26. a5 Qa7 27. Qc6 Rd8 28. Rd2 Rc8 29. Qd5 Qd7 30. Qf3 Bg6 31. Be5 Re8 32. Bd4 Be4 33. Qg3 Bg6 34. f3 Qd8 35. Bb6 Qe7 36.
h4 b4 37. Qf4 bxc3 38. bxc3 Rc8 39. Bd4 h5 40. e4 Qa3 41. Qe5 Qf8 42. Rb2 f6 43. Qe6+ Bf7 44. Qxa6 Rd8 45. Qb6 Ra8 46. a6 Qa3 47. a7 Rxa7 48. Qb8+ Kh7 49. Qxa7 Qxb2 50.
Qxf7 Qc1+ 51. Kh2 Qf4+ 52. g3 Qd2+ 53. Kh3 Qd1 54. Qxh5+ Kg8 55. Qe8+ Kh7 56. Qh5+ Kg8 57. Qd5+ Kh8 58. e5 Qh1+ 59. Kg4 d2 60. exf6 gxf6 61.
Bxf6+ Kh7 62. Qd7+ Kh6 63. Qg7# 1-0

[Event "*** SCC Grand Prix: Titled Tuesday Blitz"]
[Site "Chess.com"]
[Date "2020.09.08"]
[Round "4"]
[White "emiliocordova"]
[Black "Onischuk_V"]
[Result "1-0"]
[WhiteElo "2791"]
[BlackElo "2949"]
[TimeControl "180+1"]
[EndTime "10:41:09 PDT"]
[Termination "emiliocordova won by resignation"]

1. d4 d6 2. Nf3 g6 3. g3 Bg7 4. Bg2 Nf6 5. O-O O-O 6. c4 Nc6 7. Nc3 e5 8. d5 Nb8 9. c5 Na6 10. cxd6 cxd6 11. Nd2 Ne8 12. Nc4 Bd7 13. a4 f5 14. Nb5 Qb8 15. b3 Nc5 16. Ba3 b6 17.
Rc1 a6 18. Nc3 b5 19. b4 Nxa4 20. Nxa4 bxc4 21. Nb2 c3 22. Rxc3 e4 23. Rc1 Nc7 24.
Nc4 Nb5 25. Bb2 Bxb2 26. Nxb2 Qd8 27. Qd2 Qf6 28. Nc4 Rfc8 29. Nb6 Rxc1 30. Rxc1 Rd8 31. e3 Be8 32. Bf1 Rb8 33. Nc4 Rc8 34. Na5 Rxc1 35. Qxc1 Qc3 36. Qxc3 Nxc3 37. Bxa6 Kf8 38. Bc4 Ke7 39.
Kf1 Bf7 40. Ke1 Bxd5 41. Kd2 Nb1+ 42. Kc1 Nc3 43. Kc2 Bxc4 44. Kxc3 Bb5 45. Kd4 Kd7 46. h4 Kc7 47. Nc4 Kc6 48. Nb2 h6 49. Nd1 Ba4 50.
Nc3 Bb3 51. Ne2 g5 52. hxg5 hxg5 53. Ng1 Kb5 54. Kc3 Bf7 55. Nh3 g4 56. Nf4 d5 57.
Ne2 Kb6 58. Nd4 Bg6 59. Kb3 Bh7 60. Kc3 Bg6 61. Nb3 Bf7 62. Nc1 Kb5 63. Ne2 Kb6 64.
Kd4 Kb5 65. Nc3+ Kxb4 66. Nxd5+ Kb3 67. Ne7 Kc2 68. Nxf5 Kd2 69. Kxe4 Ke2 70. Kf4 Kxf2 71. Nh6 Be6 72. Nxg4+ Ke2 73. Ne5 Kf2 74. g4 1-0

[Event "*** SCC Grand Prix: Titled Tuesday Blitz"]
[Site "Chess.com"]
[Date "2020.09.08"]
[Round "4"]
[White "Caracternin123"]
[Black "Izoria123"]
[Result "0-1"]
[WhiteElo "2694"]
[BlackElo "2881"]
[TimeControl "180+1"]
[EndTime "10:41:09 PDT"]
[Termination "Izoria123 won by checkmate"]

1. d4 d6 2. Nf3 g6 3. g3 Bg7 4. Bg2 Nf6 5. O-O O-O 6. c4 c6 7. Nc3 Qa5 8. Bd2 Qh5 9. Nh4 g5 10. Nf3 h6 11. h4 Nh7 12. e3 Bg4 13. Be1 Nd7 14. Ne4 f5 15. Ned2 gxh4 16. gxh4 f4 17. Qc2 Ndf6 18. e4 e5 19. c5 dxc5 20. dxe5 Nd7 21.
Qb3+ Kh8 22. e6 Nb6 23. Nh2 c4 24. Qa3 Bxe6 25. f3 Rg8 26. Kh1 Bf6 27. Qd6 Qe5 28.
Qxe5 Bxe5 29. Rb1 Rad8 30. Ng4 Bxg4 31. fxg4 Nf6 32. Nf3 Nxg4 33. Nxe5 Nxe5 34. Bc3 Nd7 35. Rxf4 Rdf8 36. Rbf1 Rxf4 37. Rxf4 Kh7 38. Bh3 Kg6 39. Bf5+ Kh5 40. Be6 Rg6 41. Rf5+ Kxh4 42. Bxd7 Nxd7 43.
e5 Re6 44. Kg2 Kg4 45. Rf7 Nc5 46. Rh7 b5 47. Bd4 Nd3 48. Rxa7 c5 49. Be3 Rxe5 50. Bxh6 Re2+ 51. Kf1 Rxb2 52. Rg7+ Kf3 53. Rf7+ Ke4 54. a3 b4 55. Re7+ Kd5 56. axb4 cxb4 57. Bg7 Rc2 58. Rb7 b3 59. Rd7+ Ke6 60. Rb7 b2 61. Bxb2 Rxb2 62. Rxb2 Nxb2 63. Ke2 Kd5 64. Kd2 Na4 65. Kc2 Kd4 66. Kd2 c3+ 67. Kc2 Kc4 68. Kc1 Kb3 69. Kb1 Nc5 70. Kc1 Nd3+ 71.
Kd1 c2+ 72. Kd2 c1=Q+ 73. Ke2 Qc2+ 74. Ke3 Qc3 75. Ke2 Nb4 76. Kd1 Qb2 77. Ke1 Kc3 78. Kd1 Kd3 79. Ke1 Ke3 80. Kd1 Qd2# 0-1

[Event "*** SCC Grand Prix: Titled Tuesday Blitz"]
[Site "Chess.com"]
[Date "2020.09.08"]
[Round "4"]
[White "Witik"]
[Black "Ladislav1969"]
[Result "1/2-1/2"]
[WhiteElo "2693"]
[BlackElo "2362"]
[TimeControl "180+1"]
[EndTime "10:41:12 PDT"]
[Termination "Game drawn - insufficient material"]

1. c3 c5 2. d3 d5 3. h3 Nc6 4. g4 h5 5. g5 e5 6. Bg2 Nge7 7.
Qb3 Rb8 8. a4 Be6 9. Nd2 Ng6 10.
a5 Nf4 11. Bf1 Qxg5 12. a6 b5 13.
Ndf3 Qf6 14. Qc2 Bd6 15. h4 O-O 16. Ng5 d4 17. N1f3 Bd5 18. Rg1 g6 19. Bd2 c4 20.
dxc4 bxc4 21. Bxf4 exf4 22. O-O-O Bxf3 23. Nxf3 dxc3 24. Qxc3 Qxc3+ 25. bxc3 Ba3+ 26. Kd2 Rfd8+ 27. Ke1 Bb2 28. Rxd8+ Rxd8 29. e3 Bxc3+ 30. Ke2 Re8 31. Rg5 fxe3 32. fxe3 Ba5 33. Rc5 Re6 34. Rxc4 Bb6 35. Bh3 Rxe3+ 36. Kd1 Rxf3 37. Bg2 Rd3+ 38. Ke2 Ne5 39. Rc8+ Kg7 40. Be4 Rd4 41. Bc2 Ng4 42. Bb3 Rf4 43. Rb8 Rf2+ 44. Kd3 Ne5+ 45. Ke4 Re2+ 46. Kd5 Nd7 47. Rb7 Nf6+ 48.
Kc6 Ne4 49. Rxf7+ Kh6 50. Rb7 Nc5 51. Rxb6 axb6 52. a7 Re8 53. Bd5 Nd3 54. Kxb6 Ne5 55. a8=Q Rxa8 56. Bxa8 Nd3 57. Be4 Kg7 58. Bxd3 Kf6 59.
Kc5 g5 60. hxg5+ Kxg5 61. Be4 Kf4 62. Kd4 h4 63. Ba8 Kg3 64. Ke3 h3 65. Bf3 h2 66.
Bh1 Kg4 67. Kf2 Kg5 68. Kg3 Kg6 69. Kxh2 1/2-1/2

[Event "*** SCC Grand Prix: Titled Tuesday Blitz"]
[Site "Chess.com"]
[Date "2020.09.08"]
[Round "4"]
[White "Ashedu66"]
[Black "bsnsun"]
[Result "0-1"]
[WhiteElo "2182"]
[BlackElo "2399"]
[TimeControl "180+1"]
[EndTime "10:41:12 PDT"]
[Termination "bsnsun won on time"]

1. d4 Nf6 2. Nf3 e6 3. c4 c5 4. d5 exd5 5. cxd5 g6 6. Nc3 Bg7 7. e4 d6 8. h3 O-O 9. Bd3 Re8 10.
O-O Nbd7 11. Re1 a6 12. a4 Ne5 13. Nxe5 Rxe5 14. Bf4 Re8 15. Qd2 Qc7 16. a5 Nd7 17. Na4 b5 18. axb6 Nxb6 19. Qa5 Nxd5 20. Qxc7 Nxc7 21. Bxd6 Ne6 22. Nb6 Ra7 23. e5 Bb7 24. Bc4 Bf8 25. Nd5 Bxd5 26. Bxd5 Rd8 27. Bxe6 fxe6 28. Red1 Rb7 29. Rxa6 Rxb2 30. Rc6 Rc2 31.
Ra1 c4 32. Ra7 c3 33. Rcc7 Rc1+ 34. Kh2 Rxd6 35. exd6 Bxd6+ 36. g3 Bxc7 37. Rxc7 c2 38. Kg2 Kf8 39. h4 Ke8 40. Kf3 Kd8 41. Rc3 Kd7 42. Rc4 Kd6 43. Rc8 Kd5 44. Rd8+ Kc4 45. Rc8+ Kb3 46. Rb8+ Kc3 47. Rc8+ Kd2 48. Rd8+ Ke1 49. Rc8 e5 50. Kg2 Ke2 51. Rc5 e4 52. Rc8 Kd2 53. Rd8+ Kc3 54. Rc8+ Kd3 55. Rd8+ Ke2 56.
Rc8 h6 57. Rc7 g5 58. hxg5 hxg5 59. Rc8 Kd3 60. Rd8+ Kc4 61. Rc8+ Kd4 62. Rd8+ Ke5 63. Re8+ Kf5 64. Rc8 Kg4 0-1

[Event "*** SCC Grand Prix: Titled Tuesday Blitz"]
[Site "Chess.com"]
[Date "2020.09.08"]
[Round "4"]
[White "anon481216"]
[Black "ChessLover0108"]
[Result "0-1"]
[WhiteElo "2467"]
[BlackElo "2660"]
[TimeControl "180+1"]
[EndTime "10:41:13 PDT"]
[Termination "ChessLover0108 won on time"]

1. d4 Nf6 2. c4 c5 3. d5 b5 4. cxb5 a6 5. bxa6 Bxa6 6. Nc3 d6 7. Nf3 g6 8. g3 Bg7 9. Bg2 O-O 10. O-O Nbd7 11.
Rb1 Ng4 12. Qc2 Qa5 13. Bd2 Nge5 14. Nxe5 Nxe5 15. b3 Rfb8 16. a4 Rb7 17. h3 Rab8 18. Rfe1 h5 19. Bf1 Qc7 20. f4 Nd7 21. e4 Bxf1 22.
Kxf1 c4 23. Nb5 Rxb5 24. axb5 c3 25. Be3 Rxb5 26. b4 Qc4+ 27. Kg2 Rxb4 28. Rxb4 Qxb4 29. Rb1 Qc4 30. Rb7 Nc5 31. Rxe7 Nd3 32. Re8+ Kh7 33. Bf2 Bd4 34. Bxd4 Ne1+ 35. Kf2 Qxd4+ 36. Kxe1 Qe3+ 37. Kd1 Qf3+ 38. Kc1 Qf1+ 39. Qd1 Qb5 40. Kc2 Qa4+ 41. Kc1 Qa1+ 42. Kc2 Qa4+ 43. Kc1 Qxe8 44. Qd4 Qc8 45. Kc2 Qxh3 46. Qxc3 Qg2+ 47. Kb3 Qxe4 48. Qd2 Qf3+ 49. Kc4 Qxg3 50. Kb5 Qg4 51. Kc6 h4 52.
Kxd6 h3 53. Ke7 Qg2 54. Qd4 g5 55. fxg5 Qxg5+ 56. Kxf7 Qg6+ 57. Kf8 Qh6+ 58. Kf7 Qg6+ 59. Kf8 Qh6+ 60. Kf7 Qh5+ 61. Kf8 Qf5+ 62. Ke8 Kg6 0-1

[Event "*** SCC Grand Prix: Titled Tuesday Blitz"]
[Site "Chess.com"]
[Date "2020.09.08"]
[Round "4"]
[White "Aleksey_Sorokin"]
[Black "GameOverBro"]
[Result "1/2-1/2"]
[WhiteElo "2764"]
[BlackElo "2469"]
[TimeControl "180+1"]
[EndTime "10:41:13 PDT"]
[Termination "Game drawn by repetition"]

1. d4 d6 2. Nf3 Nf6 3. c4 Nbd7 4. Nc3 e5 5. g3 Be7 6. Bg2 c6 7. e4 O-O 8. O-O a6 9. a4 a5 10. Qc2 exd4 11. Nxd4 Nc5 12. h3 Qc7 13. Be3 Re8 14. Rad1 Bf8 15. Rfe1 Nfd7 16. Kh2 Na6 17. Qe2 Ndc5 18.
Nf5 Bxf5 19. exf5 Nb4 20. f6 g6 21. Qg4 Nc2 22. Re2 Nxe3 23. Rxe3 Rxe3 24. fxe3 Re8 25. e4 Qb6 26. Rd2 Qb3 27. Qe2 Nxa4 28. Nxa4 Qxa4 29. Qd3 Qb4 30. Rf2 a4 31. h4 Qc5 32.
Rf3 Qe5 33. Rf2 Qc5 34. Rf3 Ra8 35. Bh3 Qe5 36. Rf2 Qc5 37. Re2 Qe5 38. Qf3 Qc5 39. Rc2 a3 40. bxa3 Rxa3 41. Qg4 Ra1 42. Bg2 b5 43. Qc8 Ra3 44. Qe8 b4 45. Re2 Qe5 46.
Qxe5 dxe5 47. Rd2 Rc3 48. g4 b3 49. Rb2 Ba3 50. Rd2 Rxc4 51. Rd8+ Bf8 52. Bf1 Rb4 53. Bd3 b2 54. Bb1 c5 55. Kg2 Rd4 56. Rb8 Rd2+ 57.
Kf3 c4 58. Ba2 Rd3+ 59. Ke2 Rb3 60. Rxb3 cxb3 61. Bb1 Bc5 62. Kd3 Bf2 63. h5 Bh4 64. Kc3 Bxf6 65. Kxb2 Kg7 66. Bd3 Kh6 67. Be2 Kg5 68.
Kxb3 Kf4 69. Bc4 gxh5 70. gxh5 Kxe4 71. Bxf7 Bg5 72. Kc2 h6 73. Kd1 Ke3 74. Ke1 e4 75.
Kf1 Kf3 76. Bc4 e3 77. Be2+ Kg3 78. Bd1 Bh4 79. Be2 Kf4 80. Bd1 Bf2 81. Be2 Bg3 82.
Bd1 Bf2 83. Be2 Bg3 84. Bd1 Bf2 1/2-1/2

[Event "*** SCC Grand Prix: Titled Tuesday Blitz"]
[Site "Chess.com"]
[Date "2020.09.08"]
[Round "4"]
[White "lucachess49"]
[Black "Mbneu"]
[Result "1/2-1/2"]
[WhiteElo "2430"]
[BlackElo "2262"]
[TimeControl "180+1"]
[EndTime "10:41:13 PDT"]
[Termination "Game drawn - insufficient material"]

1. d4 Nf6 2. c4 c5 3. d5 e6 4. Nc3 exd5 5. cxd5 d6 6. Nf3 g6 7. Bf4 Bg7 8. Qa4+ Bd7 9. Qb3 b5 10.
Bxd6 Qb6 11. Be5 c4 12. Qd1 O-O 13. e3 b4 14. Nb1 Rc8 15. Be2 Bb5 16. O-O Nbd7 17.
Bd4 Qb7 18. a3 a5 19. Nbd2 Qxd5 20. Rc1 c3 21. bxc3 Bxe2 22. Qxe2 bxa3 23. c4 Qf5 24. e4 Qe6 25. e5 Ng4 26. Rfe1 Rab8 27.
Ra1 Qe7 28. h3 Nh6 29. e6 Qxe6 30. Qxe6 fxe6 31. Rxa3 Bxd4 32. Nxd4 e5 33. N4f3 Rc5 34. Rd3 Nb6 35. Rxe5 Rbc8 36. Rxc5 Rxc5 37. Rd8+ Kg7 38. Nd4 Rc8 39. c5 Rxd8 40. Ne6+ Kf6 41. Nxd8 Nc8 42.
Nc4 a4 43. Nc6 Ke6 44. Nb4 Nf5 45. g4 Nd4 46. f4 Ne2+ 47. Kf2 Nxf4 48. Kg3 Nd5 49. Nc2 Nc3 50. N2e3 Nb5 51. Nc2 Kd5 52. N4e3+ Kxc5 53. Kf4 a3 54. Nxa3 Nxa3 55. Kg5 Nd6 56. Kh6 Nac4 57. Kxh7 Nxe3 58. Kxg6 Ne4 59. g5 Nxg5 60.
Kxg5 Kd6 61. h4 Ke7 62. Kg6 Kf8 63. h5 Kg8 64. h6 Kh8 65. h7 Nd5 66. Kh6 Ne7 67.
Kh5 Nd5 68. Kg5 Ne7 69. Kg4 Kxh7 1/2-1/2